 Dungeon Crawl Stone Soup version 0.19.1-1-g22dce08 (webtiles) character file.

11182 Dolanko the Cleaver (level 11, 90/90 HPs)
             Began as a Demonspawn Fighter on Jan 15, 2017.
             Was a Priest of Makhleb.
             Starved to death
             ... in a labyrinth.
             The game lasted 00:32:08 (16309 turns).

Dolanko the Cleaver (Demonspawn Fighter)           Turns: 16309, Time: 00:32:09

Health: 90/90      AC: 21    Str: 19    XL:     11   Next: 46%
Magic:  11/11      EV:  3    Int: 10    God:    Makhleb [***...]
Gold:   533        SH:  9    Dex: 13    Spells: 0 memorised, 10 levels left

rFire  + . .     SeeInvis +     a - +2 war axe
rCold  . . .     Gourm    .     v - +0 plate armour (curse)
rNeg   . . .     Faith    .     c - +0 shield
rPois  .         Spirit   .     p - +0 helmet
rElec  .         Reflect  .     D - +0 cloak
rCorr  .         Harm     .     h - +2 pair of gloves
MR     .....                    n - +0 pair of boots
Stlth  ..........               (no amulet)
                                l - ring of see invisible
                                u - ring of protection from fire

@: fainting, drained
A: demonic guardian 1, spiny 1
a: Minor Destruction, Lesser Servant of Makhleb, Renounce Religion


You were in a labyrinth.
You worshipped Makhleb.
Makhleb was most pleased with you.
You were fainting.

You visited 2 branches of the dungeon, and saw 12 of its levels.
You also visited: Labyrinth.

You collected 533 gold pieces.

Inventory:

Hand Weapons
 a - a +2 war axe (weapon)
Armour
 c - a +0 shield (worn)
 h - a +2 pair of gloves (worn)
 n - a +0 pair of boots (worn)
 p - a +0 helmet (worn)
 v - a cursed +0 plate armour (worn)
 D - a +0 cloak (worn)
Jewellery
 l - a ring of see invisible (right hand)
 u - a ring of protection from fire (left hand)
 E - a +1 ring of evasion
Wands
 b - a wand of flame (24/48)
 d - a wand of random effects (25/48)
 q - a wand of acid (0/15)
Scrolls
 i - 4 scrolls of teleportation
 k - 2 scrolls of identify
 m - a scroll of remove curse
 y - 3 scrolls of immolation
 A - a scroll of magic mapping
Potions
 e - a potion of mutation
 g - a potion of magic
 j - a potion of flight
 s - a potion of heal wounds
 w - a potion of resistance
 C - 2 potions of brilliance


   Skills:
 + Level 9.7(9.6) Fighting
 * Level 11.9 Axes
 + Level 8.8(8.7) Armour
 - Level 2.6 Shields
 + Level 0.0 Invocations


You had 10 spell levels left.
You didn't know any spells.

Dungeon Overview and Level Annotations

Branches:
Dungeon (11/15)            Temple (1/1) D:5            Lair (0/6) D:11
    Orc: D:9-12

Altars:
Ashenzari
Elyvilon
Fedhas
Gozag
Makhleb
Ru
Uskayaw
Vehumet
Xom


Innate Abilities, Weirdness & Mutations

A weak demonic guardian rushes to your aid.
You are partially covered in sharp spines.


Message History

You are feeling very hungry.
That beef jerky was delicious!
You are near starving!
Okay, then.
Drop what? 28/52 slots (_ for help) (? for menu, Esc to quit)
You drop 5 bread rations.
You drop 5 meat rations.
You drop 7 beef jerkies.
You drop 11 fruits.
You start waiting.
You hear an odd grinding sound!
You start waiting.
You are starving!
You're too hungry to rest.
You hear an odd grinding sound!
You are fainting from starvation!
You lose consciousness!
You can move again.
You have starved to death.
You die...

###
#..
###.#
#...#
#@#
#.#
#.#
#..
▓▓▓ ▓


There were no monsters in sight!

Vanquished Creatures
  A hydra (D:10)
  2 unseen horrors (D:10)
  Pikel (D:4)
  2 hill giants
  3 centaur zombies
  2 trolls
  A hippogriff (D:11)
  Sigmund (D:3)
  2 wyverns
  A wraith (D:10)
  9 yaks
  Eustachio (D:4)
  2 wargs (D:11)
  A necrophage (D:7)
  5 orc warriors
  An ice beast (D:6)
  2 black bears (D:8)
  2 phantoms
  3 centaurs
  An ogre (D:8)
  A crocodile (D:10)
  A big kobold (D:9)
  2 bullfrogs
  A wyvern zombie (D:11)
  A gnoll sergeant (D:11)
  5 scorpions
  9 killer bees
  8 wights
  2 howler monkeys
  A crimson imp (D:11)
  A bullfrog zombie (D:5)
  11 orc priests
  3 centaur skeletons
  4 hounds
  2 jellies
  6 orc wizards
  4 iguanas
  10 worker ants
  A hound skeleton (D:5)
  A worker ant zombie (D:7)
  7 gnolls
  12 adders
  2 shadow imps
  An ooze (D:3)
  An adder zombie (D:7)
  2 worms
  6 dart slugs
  5 leopard geckos
  29 orcs
  4 bats
  8 giant cockroaches
  7 goblins
  6 hobgoblins
  16 jackals
  11 kobolds
  5 quokkas
  3 ball pythons
  4 frilled lizards
  A jackal zombie (D:8)
  A leopard gecko skeleton (D:8)
  A quokka zombie (D:10)
  7 rats
256 creatures vanquished.

Vanquished Creatures (collateral kills)
  Psyche (D:8)
  A troll (D:10)
  Menkaure (D:7)
  A water moccasin (D:8)
  An orc warrior (D:8)
  An ogre (D:5)
  A killer bee (D:10)
  A jelly (D:10)
  A hound (D:8)
  2 orc wizards
  Jessica (D:2)
  A howler monkey skeleton (D:10)
  An adder (D:7)
  An ooze (D:5)
  A leopard gecko (D:11)
  4 orcs
20 creatures vanquished.

Vanquished Creatures (others)
  A giant cockroach (D:4)
  A kobold (D:2)
2 creatures vanquished.

Grand Total: 278 creatures vanquished

Notes
Turn   | Place    | Note
-------+----------+-------------------------------------------
     0 | D:1      | Dolanko the Demonspawn Fighter began the quest for the Orb.
     0 | D:1      | Reached XP level 1. HP: 18/18 MP: 1/1
   179 | D:1      | Reached skill level 2 in Axes
   278 | D:1      | Gained mutation: A weak demonic guardian rushes to your aid. [demonic ancestry]
   278 | D:1      | Reached XP level 2. HP: 24/24 MP: 2/2
   546 | D:2      | Noticed Jessica
   550 | D:2      | Killed Jessica
   550 | D:2      | Reached XP level 3. HP: 29/29 MP: 3/3
   707 | D:2      | Reached skill level 3 in Axes
   858 | D:2      | Reached XP level 4. HP: 34/35 MP: 4/4
  1326 | D:3      | Reached XP level 5. HP: 38/42 MP: 5/5
  1328 | D:3      | Noticed Sigmund
  1336 | D:3      | Killed Sigmund
  1336 | D:3      | Reached skill level 4 in Axes
  1336 | D:3      | Reached XP level 6. HP: 34/48 MP: 6/6
  2275 | D:4      | Noticed Eustachio
  2330 | D:4      | Killed Eustachio
  2459 | D:4      | Reached skill level 5 in Axes
  2548 | D:4      | Noticed a slave
  2548 | D:4      | Noticed a slave
  2549 | D:4      | Noticed Pikel
  2552 | D:4      | Noticed a slave
  2582 | D:4      | Noticed a slave
  2621 | D:4      | Killed Pikel
  2621 | D:4      | Reached skill level 5 in Fighting
  2621 | D:4      | Reached XP level 7. HP: 56/56 MP: 7/7
  2842 | D:4      | Reached skill level 6 in Axes
  3412 | D:5      | Entered Level 5 of the Dungeon
  3445 | D:5      | Found a staircase to the Ecumenical Temple.
  3454 | Temple   | Entered the Ecumenical Temple
  3463 | Temple   | Became a worshipper of Makhleb the Destroyer
  3553 | D:5      | Reached skill level 5 in Armour
  3553 | D:5      | Reached XP level 8. HP: 63/63 MP: 8/8
  4492 | D:5      | Found a radiant altar of Vehumet.
  4739 | D:6      | Reached skill level 7 in Axes
  5215 | D:6      | Reached * piety under Makhleb
  5620 | D:7      | Noticed Menkaure
  5627 | D:7      | Killed Menkaure
  5674 | D:7      | Reached XP level 9. HP: 71/71 MP: 9/9
  5834 | D:7      | Reached skill level 8 in Axes
  6488 | D:7      | Reached ** piety under Makhleb
  7182 | D:8      | Reached skill level 9 in Axes
  7435 | D:8      | Noticed Psyche
  7442 | D:8      | Killed Psyche
  7555 | D:8      | Found a blossoming altar of Fedhas.
  8133 | D:9      | Reached XP level 10. HP: 80/80 MP: 10/10
  8297 | D:9      | Found a white marble altar of Elyvilon.
  8466 | D:9      | Reached skill level 10 in Axes
  9161 | D:9      | Found an opulent altar of Gozag.
  9161 | D:9      | Found a shattered altar of Ashenzari.
  9407 | D:10     | Entered Level 10 of the Dungeon
  9615 | D:10     | Noticed a hill giant
  9618 | D:10     | Killed a hill giant
  9662 | D:10     | Noticed a hill giant
  9704 | D:9      | Killed a hill giant
  9704 | D:9      | Reached skill level 11 in Axes
 10385 | D:10     | Noticed an eight-headed hydra
 10474 | D:10     | Reached *** piety under Makhleb
 10489 | D:10     | Gained mutation: You are partially covered in sharp spines. [demonic ancestry]
 10489 | D:10     | Reached XP level 11. HP: 11/89 MP: 11/11
 11092 | D:10     | Noticed an unseen horror
 11111 | D:10     | Killed an unseen horror
 11463 | D:10     | Killed an eight-headed hydra
 11551 | D:10     | Noticed an unseen horror
 11567 | D:10     | Killed an unseen horror
 11687 | D:11     | Found a staircase to the Lair.
 11825 | D:11     | Reached **** piety under Makhleb
 11901 | D:11     | Found a labyrinth entrance.
 11931 | Lab      | Entered a labyrinth
 16304 | Lab      | Paralysed by fainting for 5 turns
 16309 | Lab      | Starved to death

Skill      XL: |  1  2  3  4  5  6  7  8  9 10 |
---------------+-------------------------------+-----
Axes           | 2 3 4 5 6 7 9 11 | 11.9
Armour         | 3 4 5 6 7 8 |  8.8
Fighting       | 4 5 6 7 9 |  9.7
Shields        | |  2.6

Action                   |  1- 3 |  4- 6 |  7- 9 | 10-12 || total
-------------------------+-------+-------+-------+-------++-------
Melee: War axe           |    95 |   185 |   407 |   384 ||  1071
Evoke: Wand              |       |       |     2 |    10 ||    12
       Box of beasts     |       |       |       |     3 ||     3
  Use: Scroll            |       |     2 |    13 |     4 ||    19
       Potion            |       |     1 |     4 |     8 ||    13
 Stab: Distracted        |       |       |     5 |     1 ||     6
  Eat: Chunk             |       |     4 |     9 |     9 ||    22
       Bread ration      |       |     1 |     1 |     3 ||     5
       Beef jerky        |       |       |     1 |     1 ||     2
Armor: Scale mail        |    57 |   104 |   121 |       ||   282
       Plate armour      |       |       |   101 |   363 ||   464
       Chain mail        |       |       |     6 |       ||     6
Dodge: Dodged            |    31 |    69 |    95 |    62 ||   257
Block: Shield            |    56 |    77 |   176 |   215 ||   524
